 Dungeon Crawl Stone Soup version 0.29.0-4-gdea44cf6ec (webtiles) character file.

Game seed: 780457447807298397

116 qw the Chopper (level 5, -1/30 HPs)
             Began as a Tengu Warper on Aug 28, 2022.
             Slain by Eustachio
             ... wielding a +0 rapier
              (3 damage)
             ... on level 4 of the Dungeon.
             The game lasted 00:00:17 (2748 turns).

qw the Chopper (Tengu Warper)                       Turns: 2748, Time: 00:00:18

Health: -1/30      AC: 10    Str: 13    XL:     5   Next: 1%
Magic:  9/9        EV:  9    Int: 14    God:
Gold:   177        SH:  7    Dex: 13    Spells: 8/8 levels left

rFire   . . .      SeeInvis .   Y - +0 hand axe
rCold   + . .      Faith    .   a - +0 kite shield
rNeg    . . .      Spirit   .   e - +0 scale mail
rPois   .          Reflect  .   (helmet restricted)
rElec   .          Harm     .   (no cloak)
rCorr   .          Rampage  .   (no gloves)
Will    .....                   (boots unavailable)
Stlth   ..........              d - amulet of the acrobat
HPRegen 0.10/turn               h - +4 ring of protection
MPRegen 0.11/turn               j - ring of protection from cold

@: flying quickly and evasively, quick
A: beak, talons 3, nimble flight
a: no special abilities


You were on level 4 of the Dungeon.
You visited 1 branch of the dungeon, and saw 3 of its levels.

You collected 177 gold pieces.


Innate Abilities, Weirdness & Mutations

You have a beak for a mouth.
You have claws for feet.
Your magical nature lets you fly swiftly and evasively.


   Skills:
 - Level 2.0 Fighting
 - Level 5.4 Axes
 - Level 1.0 Throwing
 - Level 1.1 Armour
 - Level 2.1 Dodging
 + Level 0.4 Shields
 - Level 2.0 Spellcasting
 - Level 2.4 Translocations


You had 8 spell levels left.
You didn't know any spells.
Your spell library contained the following spells:

 Spells                   Type           Power      Damage    Failure   Level
 Blink                    Tloc           16%        N/A       93%         2
 Gell's Gravitas          Tloc           8%         N/A       99%         3
 Lesser Beckoning         Tloc           8%         N/A       99%         3
 Teleport Other           Tloc           8%         N/A       99%         3
 Manifold Assault         Tloc           8%         N/A       100%        5

Inventory:

Hand Weapons
 g - a +0 whip
 Y - a +0 hand axe (weapon)
Armour
 a - a +0 kite shield (worn)
 e - a +0 scale mail (worn)
Jewellery
 d - an amulet of the acrobat (around neck)
 h - a +4 ring of protection (left hand)
 j - a ring of protection from cold (right hand)
Scrolls
 b - a scroll of amnesia {unknown}
Potions
 k - a potion of flight {unknown}

Dungeon Overview and Level Annotations

Branches:
Dungeon (4/15)
 Temple: D:4-7

Altars:

Annotations:
D:4 Eustachio


Message History

The white imp is almost dead.
You hit the iron imp. The white imp gestures at you.
The puff of frost hits you but does no damage.
Eustachio hits you but does no damage.
The iron imp hits you but does no damage.
You hit the white imp but do no damage. Your kick misses the white imp.
Your peck misses the white imp.
The white imp is almost dead.
You hit Eustachio. You closely miss the iron imp.
The white imp disappears in a puff of smoke!
You block Eustachio's attack. The iron imp closely misses you.
Eustachio says, "Summoning is fun!"
Eustachio gestures wildly while chanting.
You hit the iron imp. Your kick misses the iron imp.
The iron imp is heavily wounded.
You barely miss the ufetubus. You hit Eustachio but do no damage.
The ufetubus hits you but does no damage.
You block the ufetubus's attack. You block Eustachio's attack.
The ufetubus barely misses you.
The ufetubus hits you but does no damage.
You block the iron imp's attack.
You hit the iron imp but do no damage.
The iron imp is heavily wounded.
You barely miss Eustachio. You closely miss the rat. You miss the ufetubus.
The iron imp disappears in a puff of smoke!
Eustachio hits you with a +0 rapier.
The ufetubus hits you but does no damage.
The ufetubus barely misses you.
Eustachio screams, "This atrocity can only be purified with blood!"
Eustachio hits you but does no damage. The rat barely misses you.
You block the ufetubus's attack. The ufetubus hits you.
You hit Eustachio. You claw Eustachio. Your peck misses Eustachio.
Eustachio is severely wounded.
You hit the rat.
You kill the rat!
The rat's corpse disappears in a puff of smoke!
You miss the ufetubus. Eustachio hits you with a +0 rapier.
You die...

#.#.##?....##
###.#.....#..#
#....#.#..#..# .#
#....#.#..#..# ...###
#.........#..#
......###....###......
..........#.#####......
.....................#
......ยค@....#####.##.#
......5@.......
..............#
..............#
..............#
...?..........#
..............#
..............#


You could see Eustachio (fast) and an ufetubus.

Vanquished Creatures
  Terence (D:2)
  Robin (D:2)
  An adder (D:2)
  A worm (D:2)
  3 dart slugs (D:1)
  An orc (D:4)
  An endoplasm (D:1)
  3 giant cockroaches
  16 goblins
  9 hobgoblins
  3 quokkas
  5 ball pythons
  4 bats
  A frilled lizard (D:1)
  2 kobolds (D:1)
  3 rats
55 creatures vanquished.

Notes
Turn   | Place    | Note
-------+----------+-------------------------------------------
     0 | D:1      | qw the Tengu Warper began the quest for the Orb.
     0 | D:1      | Reached XP level 1. HP: 12/12 MP: 4/4
     0 | D:1      | 0 ||| qw: Version: 0.1-a-89-g26bdef1
     0 | D:1      | 0 ||| qw: Game counter: 558
     0 | D:1      | 0 ||| qw: Always use a shield: true
     0 | D:1      | 0 ||| qw: God list: Okawaru
     0 | D:1      | 0 ||| qw: Allow faded altars: false
     0 | D:1      | 0 ||| qw: Do Orc after D:15 true
     0 | D:1      | 0 ||| qw: Do second Lair branch before Depths: true
     0 | D:1      | 0 ||| qw: Lair rune preference: random
     0 | D:1      | 0 ||| qw: Plans: Normal
     0 | D:1      | 0 ||| PLANNING D:1-11
   121 | D:1      | Reached skill level 3 in Axes
   121 | D:1      | Reached XP level 2. HP: 12/17 MP: 6/6
   637 | D:1      | HP: 3/17 [dart slug/slug dart (4)]
   987 | D:1      | 987 ||| Stepping ~*~*~tactically~*~*~ (stealth).
   991 | D:1      | Reached XP level 3. HP: 21/21 MP: 7/7
  1019 | D:1      | 1019 ||| Stepping ~*~*~tactically~*~*~ (stealth).
  1021 | D:1      | 1021 ||| Stepping ~*~*~tactically~*~*~ (hiding).
  1401 | D:1      | 1401 ||| UPGRADING to +0 scale mail.
  1411 | D:1      | 1411 ||| DROPPING +0 leather armour.
  1412 | D:1      | 1412 ||| UPGRADING to amulet of the acrobat.
  1417 | D:1      | 1417 ||| UPGRADING to +4 ring of protection.
  1418 | D:1      | 1418 ||| UPGRADING to ring of protection from cold.
  1419 | D:1      | 1419 ||| READING scroll labelled WUILIETIAF.
  1541 | D:1      | 1541 ||| DRINKING 2 golden potions.
  1578 | D:1      | 1578 ||| DROPPING scroll of blinking.
  1579 | D:1      | 1579 ||| DROPPING potion of lignification.
  1682 | D:2      | 1682 ||| Stepping ~*~*~tactically~*~*~ (stealth).
  1684 | D:2      | Reached skill level 4 in Axes
  1684 | D:2      | 1684 ||| Stepping ~*~*~tactically~*~*~ (stealth).
  1690 | D:2      | 1690 ||| Stepping ~*~*~tactically~*~*~ (stealth).
  1765 | D:2      | 1765 ||| FLEEEEING.
  1766 | D:2      | 1766 ||| STAIRDANCE
  2048 | D:2      | Noticed Terence
  2049 | D:2      | 2049 ||| Stepping ~*~*~tactically~*~*~ (stealth).
  2051 | D:2      | 2051 ||| Stepping ~*~*~tactically~*~*~ (hiding).
  2063 | D:2      | Killed Terence
  2064 | D:2      | Reached skill level 5 in Axes
  2064 | D:2      | Reached XP level 4. HP: 25/26 MP: 8/8
  2244 | D:2      | 2244 ||| Stepping ~*~*~tactically~*~*~ (stealth).
  2246 | D:2      | 2246 ||| Stepping ~*~*~tactically~*~*~ (stealth).
  2248 | D:2      | 2248 ||| Stepping ~*~*~tactically~*~*~ (stealth).
  2294 | D:2      | Noticed Robin
  2315 | D:2      | Killed Robin
  2320 | D:2      | 2320 ||| FLEEEEING.
  2321 | D:2      | 2321 ||| FLEEEEING.
  2322 | D:2      | 2322 ||| FLEEEEING.
  2323 | D:2      | 2323 ||| FLEEEEING.
  2324 | D:2      | 2324 ||| FLEEEEING.
  2325 | D:2      | 2325 ||| FLEEEEING.
  2326 | D:2      | 2326 ||| FLEEEEING.
  2327 | D:2      | 2327 ||| FLEEEEING.
  2328 | D:2      | 2328 ||| FLEEEEING.
  2329 | D:2      | 2329 ||| FLEEEEING.
  2330 | D:2      | 2330 ||| FLEEEEING.
  2331 | D:2      | 2331 ||| FLEEEEING.
  2332 | D:2      | 2332 ||| FLEEEEING.
  2333 | D:2      | 2333 ||| FLEEEEING.
  2334 | D:2      | 2334 ||| FLEEEEING.
  2335 | D:2      | 2335 ||| FLEEEEING.
  2340 | D:2      | 2340 ||| FLEEEEING.
  2341 | D:2      | 2341 ||| FLEEEEING.
  2353 | D:2      | 2353 ||| FLEEEEING.
  2354 | D:2      | 2354 ||| FLEEEEING.
  2356 | D:2      | 2356 ||| FLEEEEING.
  2357 | D:2      | 2357 ||| FLEEEEING.
  2358 | D:2      | 2358 ||| FLEEEEING.
  2359 | D:2      | 2359 ||| FLEEEEING.
  2360 | D:2      | 2360 ||| FLEEEEING.
  2366 | D:2      | 2366 ||| STAIRDANCE
  2503 | D:1      | 2503 ||| UPGRADING to +0 kite shield.
  2508 | D:1      | 2508 ||| READING scroll labelled ALAURGH ROAMI.
  2509 | D:1      | 2509 ||| READING 2 scrolls labelled QOEFOG URINK.
  2510 | D:1      | 2510 ||| READING scroll labelled TOEFUS WIRU.
  2611 | D:1      | 2611 ||| DROPPING scroll of butterflies.
  2679 | D:2      | You fall into a shaft and drop 2 floors!
  2711 | D:4      | Noticed Eustachio
  2725 | D:4      | Gained mutation: Your magical nature lets you fly swiftly
                  | and evasively. [Tengu growth]
  2725 | D:4      | Reached XP level 5. HP: 27/30 MP: 9/9
  2739 | D:4      | HP: 5/30 [white imp/puff of frost[Eustachio] (5)]
  2747 | D:4      | HP: 3/30 [Eustachio/+0 rapier (1)]
  2748 | D:4      | Slain by Eustachio

Levels and vault maps discovered:
D:1:      erik_arrival_cave_to_civilisation [erik_arrival_cave_to_hall],
          layout_basic
D:2:      layout_basic, st_stairs_12, dreamdust_wishing_well, uniq_terence,
          uniq_robin
D:4:      layout_basic, minitemple, uniq_eustachio, uniq_menkaure

Skill      XL: |  1  2  3 |
---------------+----------+-----
Axes           | 3 5 |  5.4
Fighting       | |  2.0
Throwing       | |  1.0
Armour         | |  1.1
Dodging        | |  2.1
Shields        | |  0.4
Spellcasting   | |  2.0
Translocations | |  2.4

Action                   |  1- 3 |  4- 6 || total
-------------------------+-------+-------++-------
Melee: Hand axe          |    95 |    57 ||   152
       Peck              |    11 |     9 ||    20
       Kick              |    24 |    13 ||    37
       Unarmed           |     7 |       ||     7
       Punch             |       |     1 ||     1
Throw: Boomerang         |     7 |       ||     7
  Use: Scroll            |     1 |     3 ||     4
       Potion            |     1 |       ||     1
Armor: Leather armour    |     3 |       ||     3
       Scale mail        |    30 |    34 ||    64
Dodge: Dodged            |    55 |    31 ||    86
Block: Kite shield       |       |    20 ||    20

Table legend:
 A = Non-vault XP
 B = Vault XP
 C = Vault XP percentage of total XP
 D = Non-vault monster count
 E = Vault monster count
 F = Vault count percentage of total count
                 A         B        C        D         E       F
            +---------+---------+-------+---------+---------+-------
      Total |      85 |      82 |  49.1 |      38 |      17 |  30.9
            +---------+---------+-------+---------+---------+-------
        D:1 |      38 |       5 |  11.6 |      20 |       2 |   9.1
        D:2 |      42 |      77 |  64.7 |      16 |      15 |  48.4
        D:4 |       5 |       0 |   0.0 |       2 |       0 |   0.0
            +---------+---------+-------+---------+---------+-------
